cohdb
Replays
Latest Replays
All Replays
Popular Replays
Top Player Replays
Match Explorer
How It Works
Community
CoH3 Stats
Reddit
Sign in to upload your games and track your stats! →
Sign in with Steam
Match 45618076
Unlisted
Match 45618076
Overview
Messages
Build Orders
End
Construct Barracks
Selects Special Operations Battlegroup
Riflemen Squad
Riflemen Squad
1⁄4-ton 4x4 Truck
Grenade Package
Riflemen Squad
Construct Medical Station
Infantry Support Center
Construct Motor Pool
M1918 Browning Automatic Rifles
M1 Anti-tank Gun Team
M1 Anti-tank Gun Team
Construct Tank Depot
shor
NoX
cheez931
mooncat_black
WЇЌĭήğ§* ★assasin
Tanzeel
Stormless
LetMeOutNow
0
0
Comments
sign in to comment!
No comments posted yet!